Map: Ever Dream LE

Players

Tefloon

  • Race: Zerg Zerg
  • Spawn Location: 1:00

A.I. 1 (Very Hard) - Winner!

  • Race: Protoss Protoss
  • Spawn Location: 7:00

VOD

Have the link to the VOD?

Description

Time

  • Played on: July 18, 2020, 9 p.m.
  • Length: 9:50
Show
View Real Time Build Order
Export as new Build Order

Tefloon Zerg 

Build Orders: Hatch First 

Get SALT Encoding   

  12  0:01  Drone  
  13  0:12  Overlord  
  13  0:16  Drone  
  14  0:30  Drone x2  
  14  0:34  Drone  
  17  0:53  Hatchery  
  17  0:56  Drone  
  17  0:59  Extractor  
  17  1:01  Drone  
  17  1:19  Spawning Pool  
  17  1:20  Drone  
  17  1:23  Drone  
  19  1:32  Drone  
  20  1:40  Drone  
  20  1:49  Drone  
  21  2:02  Drone  
  21  2:06  Overlord  
  21  2:07  Queen x2  
  26  2:13  Metabolic Boost  
  26  2:18  Zergling x2  
  26  2:22  Zergling x2  
  28  2:25  Overlord  
  28  2:28  Drone  
  29  2:32  Drone  
  31  2:37  Drone  
  31  2:43  Drone  
  32  2:44  Queen  
  34  2:52  Queen  
  34  2:55  Drone x2  
  38  3:12  Hatchery  
  37  3:14  Drone x2  
  37  3:18  Drone x2  
  41  3:22  Drone x2  
  41  3:24  Drone  
  43  3:43  Drone  
  43  3:45  Overlord x2  
  44  3:49  Extractor  
  44  3:50  Extractor  
  42  3:56  Roach Warren  
  42  3:58  Evolution Chamber  
  40  4:04  Evolution Chamber  
  39  4:22  Drone x11  
  50  4:30  Pneumatized Carapace  
  50  4:32  Spore Crawler  
  50  4:35  Spore Crawler  
  48  4:44  Drone x6  
  54  4:52  Spore Crawler  
  53  5:01  Drone  
  53  5:02  Drone x7  
  61  5:07  Zerg Missile Weapons Level 1  
  61  5:17  Drone x3  
  64  5:22  Extractor  
  64  5:24  Extractor  
  62  5:38  Drone x4  
  62  5:40  Overlord x2  
  66  5:47  Lair  
  66  5:53  Extractor  
  66  5:55  Drone  
  66  5:57  Overlord x2  
  66  5:58  Drone x9  
  66  5:59  Drone x3  
  78  6:07  Zerg Ground Armor Level 1  
  78  6:12  Drone x3  
  78  6:14  Drone  
  78  6:17  Drone  
  83  6:26  Roach x7  
  97  6:35  Hatchery  
  96  6:48  Roach, Overlord  
  96  6:49  Extractor, Overlord x2  
  96  6:51  Extractor  
  96  6:52  Glial Reconstitution  
  96  6:58  Hydralisk Den  
  95  7:22  Drone x11  
  106  7:23  Drone  
  106  7:24  Roach  
  106  7:25  Roach x6  
  106  7:27  Zerg Missile Weapons Level 2  
  121  7:35  Infestation Pit  
  120  7:43  Hydralisk  
  122  7:45  Overlord x6  
  122  7:47  Grooved Spines  
  122  7:53  Queen  
  124  8:12  Overseer  
  124  8:15  Hive  
  124  8:18  Hydralisk x7  
  124  8:19  Hydralisk x7  
  152  8:34  Drone  
  152  8:35  Hydralisk x5  
  152  8:39  Overlord x3  
  163  8:43  Hydralisk x6  
  175  9:01  Hydralisk x5  
  172  9:12  Zergling x14  
  147  9:17  Hydralisk  
  116  9:33  Zergling x2  
Show
View Real Time Build Order
Export as new Build Order

A.I. 1 (Very Hard) Protoss - Winner!

Build Orders:  

Get SALT Encoding   

  12  0:00  Probe  
  13  0:13  Probe  
  14  0:19  Pylon  
  14  0:25  Probe  
  15  0:33  Probe  
  15  0:41  Probe  
  16  0:47  Assimilator  
  17  0:50  Gateway  
  17  0:51  Probe  
  18  0:59  Probe  
  18  1:00  Pylon  
  19  1:08  Probe  
  19  1:18  Probe  
  21  1:35  Gateway  
  21  1:37  Probe  
  21  1:38  Zealot  
  24  1:42  Cybernetics Core  
  24  1:47  Pylon  
  24  1:49  Probe  
  25  1:59  Probe  
  25  2:05  Zealot  
  25  2:07  Probe  
  28  2:08  Warp Gate  
  28  2:10  Assimilator  
  29  2:16  Probe  
  29  2:22  Adept  
  32  2:28  Probe  
  33  2:32  Adept  
  33  2:35  Pylon  
  35  2:40  Probe  
  36  2:52  Adept, Probe  
  39  3:02  Sentry  
  39  3:04  Probe  
  42  3:15  Nexus  
  42  3:22  Stalker  
  42  3:24  Probe  
  45  3:36  Probe  
  45  3:39  Robotics Facility  
  45  3:48  Probe  
  46  4:00  Probe  
  47  4:04  Pylon  
  47  4:18  Probe  
  47  4:22  Adept x2  
  52  4:26  Probe  
  52  4:28  Probe  
  52  4:29  Immortal  
  58  4:37  Stalker  
  60  4:38  Probe  
  60  4:40  Probe  
  60  4:42  Pylon  
  62  4:50  Stalker  
  62  4:51  Probe  
  62  4:52  Probe  
  66  5:01  Robotics Facility  
  66  5:03  Probe  
  66  5:04  Stalker, Probe  
  70  5:12  Probe  
  70  5:14  Immortal  
  74  5:16  Probe  
  74  5:20  Probe  
  76  5:24  Pylon  
  76  5:25  Probe  
  77  5:28  Gateway  
  78  5:38  Probe  
  78  5:42  Sentry, Stalker, Assimilator  
  83  5:45  Pylon  
  83  5:54  Assimilator  
  83  6:05  Zealot, Robotics Bay, Probe  
  83  6:06  Stalker  
  83  6:09  Pylon  
  88  6:26  Zealot, Stalker  
  88  6:27  Probe x2  
  88  6:28  Pylon  
  94  6:33  Stalker  
  94  6:39  Probe  
  97  6:40  Forge  
  97  6:45  Colossus  
  97  6:46  Sentry  
  99  6:47  Forge  
  99  6:48  Pylon  
  99  6:54  Gateway  
  105  7:06  Colossus  
  111  7:11  Pylon, Protoss Ground Armor Level 1  
  111  7:12  Protoss Ground Weapons Level 1  
  111  7:19  Photon Cannon  
  111  7:22  Photon Cannon  
  111  7:23  Pylon  
  111  7:32  Observer  
  111  7:38  Zealot  
  111  7:44  Pylon  
  114  7:46  Photon Cannon  
  114  7:49  Colossus  
  120  7:59  Stalker, Disruptor  
  125  8:16  Photon Cannon  
  125  8:24  Pylon  
  125  8:32  Stalker  
  127  8:34  Warp Prism  
  127  8:35  Disruptor  
  127  8:36  Gateway  
  127  8:37  Nexus  
  130  8:43  Zealot  
  130  8:48  Pylon  
  133  8:50  Zealot  
  135  9:06  Zealot  
  135  9:08  Zealot  
  139  9:11  Immortal  
  139  9:13  Sentry  
  127  9:17  Pylon  
  127  9:22  Stalker  
  115  9:27  Stalker  
  113  9:37  Adept  
Tags
 
Matchup
PvZ
Spawn Locations
Cross Positions
Add a new tag
Caveats
  • Supply blocks, unpowered buildings, or Contaminate may cause inaccurate times.
  • Supply counts are checked every 10 seconds.